% Time on Ice - OKANAGAN RATTLESNAKES
Lines # - Real PCT - Wanted PCT - Time Play
Normal Forward
1 - 32% - 36% - 14:14
2 - 26% - 31% - 11:47
3 - 19% - 23% - 8:28
4 - 24% - 10% - 10:42
Normal Defense
1 - 36% - 36% - 16:09
2 - 30% - 31% - 13:32
3 - 29% - 23% - 12:57
4 - 6% - 10% - 2:33
PP Forward
1 - 39% - 55% - 2:21
2 - 61% - 45% - 3:36
PP Defense
1 - 35% - 55% - 2:06
2 - 65% - 45% - 3:51
PK Forward
1 - 56% - 55% - 4:28
2 - 44% - 45% - 3:28
PK Defense
1 - 56% - 55% - 4:28
2 - 44% - 45% - 3:28
PK3 Forward
1 - 0% - 55%
2 - 0% - 45%
PK3 Defense
1 - 0% - 55%
2 - 0% - 45%
44 Forward
1 - 0% - 55%
2 - 0% - 45%
44 Defense
1 - 0% - 55%
2 - 0% - 45%
Last Minute Offensive  - 0:56
Last Minute Defensive  - 0:00
Total
Forward - 60:00
Defense - 60:00
% Time on Ice - VICTORIA GLADIATORS
Lines # - Real PCT - Wanted PCT - Time Play
Normal Forward
1 - 34% - 36% - 15:32
2 - 32% - 33% - 14:34
3 - 20% - 24% - 9:21
4 - 14% - 7% - 6:22
Normal Defense
1 - 37% - 40% - 16:56
2 - 34% - 35% - 15:41
3 - 29% - 25% - 13:12
4 - 0% - 0% - 0:00
PP Forward
1 - 55% - 60% - 4:22
2 - 45% - 40% - 3:34
PP Defense
1 - 55% - 60% - 4:24
2 - 45% - 40% - 3:32
PK Forward
1 - 82% - 60% - 4:53
2 - 18% - 40% - 1:04
PK Defense
1 - 57% - 60% - 3:25
2 - 43% - 40% - 2:32
PK3 Forward
1 - 0% - 52%
2 - 0% - 48%
PK3 Defense
1 - 0% - 52%
2 - 0% - 48%
44 Forward
1 - 0% - 52%
2 - 0% - 48%
44 Defense
1 - 0% - 52%
2 - 0% - 48%
Last Minute Offensive  - 0:00
Last Minute Defensive  - 0:18
Total
Forward - 60:00
Defense - 60:00
Play-by-Play 1st period 0:01 of 1st period - Mikael Granlund wins face-off versus Jujhar Khaira in neutral zone. 0:29 of 1st period - Shot by Brandon Montour. 0:29 of 1st period - Shot Blocked by Colton Parayko. 0:31 of 1st period - Shot by Brandon Montour. 0:31 of 1st period - Stopped by James Reimer without a rebound. 0:32 of 1st period - Mark Scheifele wins face-off versus Lars Eller in OKANAGAN RATTLESNAKES zone. 1:14 of 1st period - Icing by Jeremy Lauzon. 1:15 of 1st period - Jason Zucker wins face-off versus Blake Coleman in OKANAGAN RATTLESNAKES zone. 1:55 of 1st period - Shot by Casey Cizikas. 1:55 of 1st period - Deflect By Kevin Labanc. 1:55 of 1st period - Stopped by Jake Oettinger without a rebound. 1:56 of 1st period - Mikael Granlund wins face-off versus Oskar Sundqvist in VICTORIA GLADIATORS zone. 2:04 of 1st period - Icing by Justin Faulk. 2:05 of 1st period - Mikael Granlund wins face-off versus Jujhar Khaira in VICTORIA GLADIATORS zone. 2:05 of 1st period - Mikael Granlund is hit by Jujhar Khaira. 2:16 of 1st period - Minor Penalty to Esa Lindell for Holding. 2:17 of 1st period - Casey Cizikas wins face-off versus Mikael Granlund in OKANAGAN RATTLESNAKES zone. 2:50 of 1st period - Shot by Brad Marchand. 2:50 of 1st period - Stopped by James Reimer without a rebound. 2:51 of 1st period - Mark Scheifele wins face-off versus Casey Cizikas in OKANAGAN RATTLESNAKES zone. 2:54 of 1st period - Shot by Mark Scheifele. 2:54 of 1st period - Shot Blocked by Jeremy Lauzon. 2:56 of 1st period - Shot by Mark Scheifele. 2:56 of 1st period - Stopped by James Reimer with a rebound. 2:58 of 1st period - Shot by Ivan Provorov. 2:58 of 1st period - Shot Misses the Net. 3:32 of 1st period - Shot by Ivan Provorov. 3:32 of 1st period - Shot Misses the Net. 4:20 of 1st period - Icing by Jan Rutta. 4:21 of 1st period - Noel Acciari wins face-off versus Oskar Sundqvist in VICTORIA GLADIATORS zone. 4:26 of 1st period - Shot by Brock McGinn. 4:26 of 1st period - Stopped by James Reimer with a rebound. 4:42 of 1st period - Shot by Oskar Sundqvist. 4:42 of 1st period - Shot Misses the Net. 5:15 of 1st period - Icing by Josh Manson. 5:16 of 1st period - Mark Scheifele wins face-off versus Casey Cizikas in OKANAGAN RATTLESNAKES zone. 5:36 of 1st period - Jeremy Lauzon is hit by Frank Vatrano. 5:57 of 1st period - Off-side. 5:58 of 1st period - Jujhar Khaira wins face-off versus Mikael Granlund in neutral zone. 6:17 of 1st period - Ivan Provorov is hit by Anders Lee and loses puck. 6:30 of 1st period - Shot by Mikael Granlund. 6:30 of 1st period - Deflect By David Pastrnak. 6:30 of 1st period - Shot Blocked by Arber Xhekaj. 7:21 of 1st period - Shot by Barclay Goodrow. 7:21 of 1st period - Stopped by James Reimer without a rebound. 7:22 of 1st period - Mark Scheifele wins face-off versus Lars Eller in OKANAGAN RATTLESNAKES zone. 7:54 of 1st period - Icing by Colton Parayko. 7:55 of 1st period - Lars Eller wins face-off versus Mikael Granlund in OKANAGAN RATTLESNAKES zone. 8:18 of 1st period - Shot by David Pastrnak. 8:18 of 1st period - Stopped by James Reimer without a rebound. 8:19 of 1st period - Barclay Goodrow wins face-off versus Casey Cizikas in OKANAGAN RATTLESNAKES zone. 8:36 of 1st period - Barclay Goodrow is hit by Stefan Noesen and loses puck. 8:47 of 1st period - Tyler Myers is hit by Casey Cizikas and loses puck. 9:22 of 1st period - Shot by Brandon Montour. 9:22 of 1st period - Shot Misses the Net. 9:23 of 1st period - Minor Penalty to Jeremy Lauzon for Slashing. 9:24 of 1st period - Anders Lee wins face-off versus Mikael Granlund in OKANAGAN RATTLESNAKES zone. 9:34 of 1st period - David Pastrnak is hit by Arber Xhekaj and loses puck. 9:43 of 1st period - Shot by Mikael Granlund. 9:43 of 1st period - Stopped by James Reimer without a rebound. 9:44 of 1st period - Jujhar Khaira wins face-off versus Alex Iafallo in OKANAGAN RATTLESNAKES zone. 10:16 of 1st period - Shot by Justin Faulk. 10:16 of 1st period - Stopped by James Reimer without a rebound. 10:17 of 1st period - Casey Cizikas wins face-off versus Mikael Granlund in OKANAGAN RATTLESNAKES zone. 10:25 of 1st period - Frank Vatrano is hit by Arber Xhekaj and loses puck. 10:42 of 1st period - Shot by Brad Marchand. 10:42 of 1st period - Shot Misses the Net. 10:58 of 1st period - Shot by Mikael Granlund. 10:58 of 1st period - Shot Misses the Net. 11:00 of 1st period - Shot by Brad Marchand. 11:00 of 1st period - Stopped by James Reimer without a rebound. 11:01 of 1st period - Lars Eller wins face-off versus Mark Scheifele in OKANAGAN RATTLESNAKES zone. 12:15 of 1st period - Shot by Brandon Montour. 12:15 of 1st period - Shot Blocked by Esa Lindell. 12:17 of 1st period - Shot by Mikael Granlund. 12:17 of 1st period - Shot Misses the Net. 12:19 of 1st period - Shot by Mikael Granlund. 12:19 of 1st period - Shot Misses the Net. 12:43 of 1st period - David Pastrnak is hit by Esa Lindell and loses puck. 13:00 of 1st period - Brandon Montour is hit by Colton Parayko and loses puck. 13:37 of 1st period - Mark Scheifele is hit by Colton Parayko and loses puck. 13:44 of 1st period - Shot by Mark Scheifele. 13:44 of 1st period - Stopped by James Reimer without a rebound. 13:45 of 1st period - Jujhar Khaira wins face-off versus Adam Lowry in OKANAGAN RATTLESNAKES zone. 14:05 of 1st period - Shot by Anders Lee. 14:05 of 1st period - Stopped by Jake Oettinger without a rebound. 14:06 of 1st period - Noel Acciari wins face-off versus Lars Eller in VICTORIA GLADIATORS zone. 14:06 of 1st period - Noel Acciari is hit by Blake Coleman. 14:09 of 1st period - Brandon Montour is hit by Mike Hoffman and loses puck. 14:35 of 1st period - Justin Faulk is hit by Jeremy Lauzon and loses puck. 14:41 of 1st period - Icing by Josh Manson. 14:42 of 1st period - Mark Scheifele wins face-off versus Lars Eller in OKANAGAN RATTLESNAKES zone. 15:40 of 1st period - Frank Vatrano is hit by Arber Xhekaj and loses puck. 16:10 of 1st period - Icing by Arber Xhekaj. 16:11 of 1st period - Jujhar Khaira wins face-off versus Adam Lowry in OKANAGAN RATTLESNAKES zone. 16:11 of 1st period - Jujhar Khaira is hit by Adam Lowry. 17:33 of 1st period - Icing by Justin Faulk. 17:34 of 1st period - Jujhar Khaira wins face-off versus Mikael Granlund in VICTORIA GLADIATORS zone. 17:57 of 1st period - Shot by T.J. Oshie. 17:57 of 1st period - Stopped by Jake Oettinger without a rebound. 17:58 of 1st period - Mark Scheifele wins face-off versus Casey Cizikas in VICTORIA GLADIATORS zone. 18:09 of 1st period - Shot by Frank Vatrano. 18:09 of 1st period - Shot Blocked by Arber Xhekaj. 18:13 of 1st period - Shot by Alex Iafallo. 18:13 of 1st period - Shot Misses the Net. 18:15 of 1st period - Shot by Frank Vatrano. 18:15 of 1st period - Stopped by James Reimer without a rebound. 18:16 of 1st period - Adam Lowry wins face-off versus Lars Eller in OKANAGAN RATTLESNAKES zone. 19:13 of 1st period - Shot by Mark Scheifele. 19:13 of 1st period - Shot Misses the Net. 19:15 of 1st period - Shot by Tyler Myers. 19:15 of 1st period - Shot Misses the Net. 19:17 of 1st period - Shot by Ivan Provorov. 19:17 of 1st period - Shot Misses the Net. 19:20 of 1st period - Mark Scheifele is hit by Esa Lindell and loses puck. 19:31 of 1st period - Shot by Frank Vatrano. 19:31 of 1st period - Stopped by James Reimer without a rebound. 19:32 of 1st period - Mikael Granlund wins face-off versus Casey Cizikas in OKANAGAN RATTLESNAKES zone. 19:38 of 1st period - Mikael Granlund is hit by Arber Xhekaj and loses puck. 19:41 of 1st period - Shot by Brandon Montour. 19:41 of 1st period - Shot Blocked by Jordie Benn. 19:47 of 1st period - Shot by David Pastrnak. 19:47 of 1st period - Stopped by James Reimer without a rebound. 19:48 of 1st period - Mark Scheifele wins face-off versus Nazem Kadri in OKANAGAN RATTLESNAKES zone. Goals for this period are 0 for OKANAGAN RATTLESNAKES vs 0 for VICTORIA GLADIATORS. Shots for this period are 3 for OKANAGAN RATTLESNAKES vs 13 for VICTORIA GLADIATORS. 2nd period 0:01 of 2nd period - Jujhar Khaira wins face-off versus David Pastrnak in neutral zone. 0:04 of 2nd period - Shot by T.J. Oshie. 0:04 of 2nd period - Deflect By Anders Lee. 0:04 of 2nd period - Stopped by Jake Oettinger without a rebound. 0:05 of 2nd period - David Pastrnak wins face-off versus Jujhar Khaira in VICTORIA GLADIATORS zone. 0:21 of 2nd period - Shot by Mikael Granlund. 0:21 of 2nd period - Shot Misses the Net. 0:23 of 2nd period - Shot by Mikael Granlund. 0:23 of 2nd period - Shot Blocked by Esa Lindell. 0:25 of 2nd period - Shot by Mikael Granlund. 0:25 of 2nd period - Deflect By David Pastrnak. 0:25 of 2nd period - Shot Misses the Net. 0:27 of 2nd period - Shot by Mikael Granlund. 0:27 of 2nd period - Shot Misses the Net. 0:29 of 2nd period - Shot by David Pastrnak. 0:29 of 2nd period - Shot Misses the Net. 0:48 of 2nd period - Brad Marchand is hit by Esa Lindell and loses puck. 1:44 of 2nd period - Shot by Frank Vatrano. 1:44 of 2nd period - Stopped by James Reimer without a rebound. 1:45 of 2nd period - Adam Lowry wins face-off versus Lars Eller in OKANAGAN RATTLESNAKES zone. 1:50 of 2nd period - Shot by Adam Lowry. 1:50 of 2nd period - Stopped by James Reimer without a rebound. 1:51 of 2nd period - Adam Lowry wins face-off versus Mike Hoffman in OKANAGAN RATTLESNAKES zone. 1:51 of 2nd period - Adam Lowry is hit by Josh Manson. 2:05 of 2nd period - Shot by Blake Coleman. 2:05 of 2nd period - Stopped by Jake Oettinger without a rebound. 2:06 of 2nd period - Mikael Granlund wins face-off versus Casey Cizikas in VICTORIA GLADIATORS zone. 2:15 of 2nd period - Casey Cizikas is hit by Brad Marchand and loses puck. 3:15 of 2nd period - Shot by Frank Vatrano. 3:15 of 2nd period - Shot Misses the Net. 4:06 of 2nd period - Icing by Jan Rutta. 4:07 of 2nd period - Adam Lowry wins face-off versus Lars Eller in VICTORIA GLADIATORS zone. 4:07 of 2nd period - Adam Lowry is hit by Jeremy Lauzon. 4:20 of 2nd period - Shot by Blake Coleman. 4:20 of 2nd period - Shot Misses the Net. 4:22 of 2nd period - Shot by Mike Hoffman. 4:22 of 2nd period - Stopped by Jake Oettinger without a rebound. 4:23 of 2nd period - Jujhar Khaira wins face-off versus Mikael Granlund in VICTORIA GLADIATORS zone. 5:07 of 2nd period - Minor Penalty to David Pastrnak for Goalie Interference. 5:08 of 2nd period - Lars Eller wins face-off versus Adam Lowry in VICTORIA GLADIATORS zone. 5:09 of 2nd period - Shot by Blake Coleman. 5:09 of 2nd period - Stopped by Jake Oettinger without a rebound. 5:10 of 2nd period - Lars Eller wins face-off versus Adam Lowry in VICTORIA GLADIATORS zone. 5:15 of 2nd period - Shot by Josh Manson. 5:15 of 2nd period - Stopped by Jake Oettinger with a rebound. 5:17 of 2nd period - Shot by Jeremy Lauzon. 5:17 of 2nd period - Stopped by Jake Oettinger without a rebound. 5:18 of 2nd period - Lars Eller wins face-off versus Adam Lowry in VICTORIA GLADIATORS zone. 5:19 of 2nd period - Shot by Blake Coleman. 5:19 of 2nd period - Shot Misses the Net. 5:21 of 2nd period - Shot by Jeremy Lauzon. 5:21 of 2nd period - Shot Misses the Net. 5:23 of 2nd period - Shot by Lars Eller. 5:23 of 2nd period - Stopped by Jake Oettinger without a rebound. 5:24 of 2nd period - Lars Eller wins face-off versus Adam Lowry in VICTORIA GLADIATORS zone. 6:47 of 2nd period - Shot by Anders Lee. 6:47 of 2nd period - Shot Blocked by Jan Rutta. 6:49 of 2nd period - Shot by Esa Lindell. 6:49 of 2nd period - Stopped by Jake Oettinger without a rebound. 6:50 of 2